 Dungeon Crawl Stone Soup version 0.30-a0-1157-g2cc9ac7196 (webtiles) character file.

Game seed: 16559647907222222536

91 mandoloar the Insei (level 4, 0/43 HPs)
             Began as an Octopode Transmuter on Apr 24, 2023.
             Slain by a goblin
             ... wielding a +0 dagger
             ... led by Robin
              (3 damage)
             ... on level 3 of the Dungeon.
             The game lasted 00:08:14 (2346 turns).

mandoloar the Insei (Octopode Transmuter)           Turns: 2346, Time: 00:08:14

Health: 0/43       AC: 22    Str:  9    XL:     4   Next: 59%
Magic:  5/7        EV:  2    Int: 17    God:
Gold:   121        SH:  0    Dex: 12    Spells: 5/8 levels left

rFire   . . .        a - +1 short sword (venom)
rCold   . . .        (no shield)
rNeg    . . .        (helmet currently unavailable)
rPois   +            (no amulet)
rElec   .            g - ring of resist corrosion
rCorr   +            (no ring)
SInv    .            (no ring)
Will    .....        (no ring)
Stlth   ++           (no ring)
HPRegen 0.27/turn    (no ring)
MPRegen 0.10/turn    (no ring)
                     (no ring)

%: no passive effects
@: tree-form
A: stationary, stasis, torment immunity, boosted hp, almost no armour,
(amphibious), 8 rings, (camouflage 1), (gelatinous body 1), (nimble swimmer 1),
(tentacles)
a: no special abilities


You were on level 3 of the Dungeon.
You were a tree.
You visited 1 branch of the dungeon, and saw 3 of its levels.

You collected 121 gold pieces.

Inventory:

Hand Weapons
 a - a +1 short sword of venom (weapon)
Missiles
 j - 27 stones
 k - 3 poisoned darts
Jewellery
 g - a ring of resist corrosion (left branch)
Scrolls
 e - a scroll of enchant weapon {unknown}
 i - 2 scrolls of identify
 l - a scroll of fog {unknown}
 m - a scroll of brand weapon {unknown}
Potions
 b - 2 potions of mutation {unknown}
 d - a potion of curing
 f - a potion of berserk rage {unknown}
 h - a potion of invisibility {unknown}
 n - a potion of flight {unknown}


   Skills:
 + Level 1.8 Fighting
 + Level 2.6 Dodging
 + Level 2.3 Stealth
 + Level 3.3 Unarmed Combat
 + Level 2.5 Spellcasting
 + Level 2.5 Transmutations


You had 5 spell levels left.
You knew the following spells:

 Your Spells              Type           Power      Damage    Failure   Level
a - Beastly Appendage     Tmut           20%        N/A       6%          1
b - Wereblood             Tmut           10%        N/A       10%         2

Your spell library contained the following spells:

 Spells                   Type           Power      Damage    Failure   Level
 Cigotuvi's Dreadful Rot  Necr/Pois/Air  4%         N/A       28%         2
 Spider Form              Tmut/Pois      6%         N/A       32%         3
 Ignite Poison            Fire/Tmut/Pois 4%         N/A       36%         3
 Ice Form                 Ice/Tmut       6%         N/A       73%         4
 Freezing Cloud           Conj/Ice/Air   1%         6-21      99%         5


Dungeon Overview and Level Annotations

Branches:
Dungeon (3/15)

Altars:
Yredelemnul

Annotations:
D:3 Robin


Innate Abilities, Weirdness & Mutations

You are a tree.
Your roots penetrate the ground, keeping you stationary.
You cannot be teleported.
You are immune to unholy pain and torment.
Your maximum health is greatly increased.
You cannot wear most types of armour.
((You are amphibious.))
You can wear up to eight rings at the same time.
((Your skin changes colour to match your surroundings (Stealth+).))
((Your rubbery body absorbs attacks. (AC +1, EV +1)))
((You are camouflaged when in or above water. (Stealth+)))
((You have tentacles for arms and can constrict up to eight enemies at once.))


Message History

You closely miss the hobgoblin. You grab the hobgoblin.
You pierce the hobgoblin.
The hobgoblin is lightly wounded.
You constrict the hobgoblin. Robin throws the goblin at you!
You hit the hobgoblin.
The hobgoblin is poisoned.
You pierce the hobgoblin.
You kill the hobgoblin!
The goblin hits you with a +0 club.
A hobgoblin comes into view.
The goblin barely misses you.
You are too injured to fight recklessly!
You are too injured to fight recklessly!
You barely miss the goblin. You grab the goblin. You squeeze the goblin.
The goblin is moderately wounded.
You constrict the goblin. The goblin barely misses you.
The goblin hits you with a +0 club!
* * * LOW HITPOINT WARNING * * *
Robin throws the goblin at you! The goblin hits you with a +0 dagger.
* * * LOW HITPOINT WARNING * * *
Okay, then.
Really quaff the potion of lignification?
Your tentacle spike disappears.
You turn into a tree.
Your roots penetrate the ground.
You lose your grip on the goblin.
The goblin hits you but does no damage. x3
You are too injured to fight recklessly!
You closely miss the goblin.
The goblin is severely wounded.
The goblin barely misses you. The goblin hits you with a +0 dagger.
* * * LOW HITPOINT WARNING * * *
The goblin hits you but does no damage.
You hit the goblin.
You kill the goblin!
Robin roars a battlecry!
The hobgoblin goes into a battle-frenzy!
The goblin hits you but does no damage. x2
You completely miss the goblin.
The goblin is severely wounded.
The goblin hits you with a +0 club.
* * * LOW HITPOINT WARNING * * *
The goblin hits you with a +0 dagger.
You die...

#.# #.# PP #.# . ..
# #.# .. .#
#.#####.# ..#.
#.......#
...####.##.# #
#.####.##)# #.
#...##.##♣#
#.#####...<.gg#
#...#..<##.###g...#
#.#....###.# g.###
#.#.†...##.. ....
#.......##### ..###
#####[....# .##
..........## .#
########.## .#


You could see Robin, a hobgoblin (strong) and 2 goblins.

Vanquished Creatures
  Terence (D:3)
  An adder (D:2)
  3 dart slugs
  2 ball pythons
  3 bats
  6 endoplasms
  4 goblins
  2 hobgoblins (D:3)
  4 jackals (D:2)
  A quokka (D:1)
  5 frilled lizards
  12 kobolds
  4 rats
48 creatures vanquished.

Vanquished Creatures (others)
  3 plants (D:1)
3 creatures vanquished.

Grand Total: 51 creatures vanquished

Notes
Turn   | Place    | Note
-------+----------+-------------------------------------------
     0 | D:1      | mandoloar the Octopode Transmuter began the quest for the
                  | Orb.
     0 | D:1      | Reached XP level 1. HP: 13/13 MP: 3/3
   327 | D:1      | Reached XP level 2. HP: 18/18 MP: 3/5
   403 | D:1      | Learned a level 2 spell: Wereblood
   549 | D:1      | Reached skill level 1 in Stealth
   922 | D:1      | Reached XP level 3. HP: 23/23 MP: 6/6
  1996 | D:3      | Noticed Terence
  2037 | D:3      | Found a basalt altar of Yredelemnul.
  2107 | D:3      | Reached XP level 4. HP: 29/29 MP: 7/7
  2166 | D:3      | Killed Terence
  2333 | D:3      | Noticed Robin
  2346 | D:3      | Slain by a goblin

Illustrated notes

Levels and vault maps discovered:
D:1:      spicycebolla_arrival_transporter_tutorial, layout_loops_cross,
          serial_forest, infiniplex_forest_end_double,
          infiniplex_forest_clump_small, infiniplex_forest_lined_2,
          infiniplex_forest_corner_2, infiniplex_forest_straight_5,
          infiniplex_forest_clump_cross, infiniplex_forest_clump_small,
          lexackson_kobold_supper
D:2:      layout_rooms, minmay_fountain_box
D:3:      layout_loops_ring, mainiacjoe_overflow_tiny_flanked,
          gammafunk_ghost_arena, cheibrodos_sewer_entry_bend,
          chequers_hall_statues_corner_a, uniq_robin, uniq_terence,
          uniq_crazy_yiuf_cottage, uniq_sigmund

Skill      XL: |  1  2  3  4 |
---------------+-------------+-----
Stealth        | 1 2 |  2.3
Fighting       | |  1.8
Dodging        | |  2.6
Unarmed Combat | |  3.3
Spellcasting   | |  2.5
Transmutations | |  2.5

Action                     |  1- 3 |  4- 6 || total
---------------------------+-------+-------++-------
  Melee: Unarmed           |    22 |       ||    22
         Tentacles         |    26 |     5 ||    31
         Kick              |    16 |     8 ||    24
         Constrict         |    24 |     4 ||    28
         Short sword       |    64 |    19 ||    83
         Dagger            |     8 |       ||     8
         Punch             |     2 |       ||     2
  Throw: Stone             |     8 |     2 ||    10
         Dart              |       |     3 ||     3
   Cast: Beastly Appendage |    16 |     4 ||    20
         Wereblood         |    13 |     3 ||    16
    Use: Scroll            |     2 |       ||     2
         Potion            |       |     1 ||     1
   Stab: Sleeping          |     7 |       ||     7
 Armour: Skin              |     9 |     6 ||    15
  Dodge: Dodged            |    52 |     8 ||    60

Table legend: (Time is in decaauts)
 A = Elapsed time spent in this place.
 B = Non-inter-level travel time spent in this place.
 C = Inter-level travel time spent in this place.
 D = Time resting spent in this place.
 E = Time spent auto-exploring this place.
 F = Levels seen in this place.
 G = Mean time per level.
                   A        B        C        D        E       F      G
               +--------+--------+--------+--------+--------+-----+--------+
         Total |   2343 |   2192 |    151 |    384 |   1424 |   3 |  781.0 |
       Dungeon |   2343 |   2192 |    151 |    384 |   1424 |   3 |  781.0 |
               +--------+--------+--------+--------+--------+-----+--------+

Top non-repeatable levels by time:
     D:1: 1120 daAuts
     D:2: 913 daAuts
     D:3: 310 daAuts
